 Dungeon Crawl Stone Soup version 0.32-a0-587-gb28a26c (webtiles) character file.

Game seed: 2390876333556276124

5404 skewfiend the Severer (level 10, -1/90 HPs)
             Began as a Mountain Dwarf Fighter on Mar 2, 2024.
             Was a Believer of Beogh.
             Succumbed to Erica's bolt of poison
             ... on level 9 of the Dungeon.
             The game lasted 00:28:32 (8532 turns).

skewfiend the Severer (Mountain Dwarf Fighter)      Turns: 8532, Time: 00:28:33

Health: -1/90      AC: 13    Str: 19    XL:     10   Next: 40%
Magic:  22/22      EV:  5    Int:  9    God:    Beogh [**....]
Gold:   539        SH:  0    Dex: 13    Spells: 6/9 levels left

rFire   . . .        N - +0 battleaxe
rCold   + . .        (shield currently unavailable)
rNeg    . . .        A - +0 plate armour
rPois   .            D - +0 helmet
rElec   .            (no cloak)
rCorr   .            (no gloves)
SInv    .            p - +0 pair of boots
Will    +....        (no amulet) Stlth
                     j - ring of magical power
HPRegen 0.35/turn    r - ring of protection from cold
MPRegen 0.18/turn

%: no passive effects
@: brilliant, lethally poisoned (-1 -> -30)
A: runic magic, artefact enchanting
a: Renounce Religion, Smiting


You were on level 9 of the Dungeon.
You worshipped Beogh.
Beogh was pleased with you.
You visited 1 branch of the dungeon, and saw 9 of its levels.

You collected 539 gold pieces.

Inventory:

Hand Weapons
 a - a +0 war axe
 d - a +2 heavy hand axe
 x - a +0 whip of electrocution
 C - a +2 flail of holy wrath
 G - a +1 whip of pain
 N - a +0 battleaxe (weapon)
Missiles
 e - 44 poisoned darts (quivered)
 f - 106 stones
 s - a throwing net
Armour
 b - a +0 scale mail
 c - a +0 buckler
 n - a +1 ring mail of willpower
 p - a +0 pair of boots (worn)
 q - an orb of wrath
 A - a +0 plate armour (worn)
 D - a +0 helmet (worn)
 J - +0 steam dragon scales
Magical Staves
 F - a staff of alchemy
Jewellery
 j - a ring of magical power (left hand)
 r - a ring of protection from cold (right hand)
 B - an amulet of guardian spirit
Wands
 h - a wand of charming (2)
 H - a wand of flame (8)
 I - a wand of polymorph (6)
Scrolls
 g - a scroll of teleportation
 i - a scroll of immolation {unknown}
 k - a scroll of enchant weapon
 m - 3 scrolls of noise
 o - 2 scrolls of fear
 v - a scroll of blinking {unknown}
 w - a scroll of revelation
 y - a scroll of vulnerability
 z - a scroll of poison
 E - a scroll of torment
Potions
 l - a potion of enlightenment
 t - a potion of lignification
 u - a potion of attraction
 K - a potion of invisibility
 M - a potion of magic {unknown}
 O - a potion of degeneration {unknown}
 P - a potion of brilliance
 Q - a potion of haste {unknown}


   Skills:
 + Level 8.6 Fighting
 * Level 15.5 Axes
 - Level 3.2 Armour
 - Level 3.2 Shields
 * Level 4.9 Invocations


You had 6 spell levels left.
You knew the following spells:

 Your Spells              Type           Power      Damage    Failure   Level
a - Fugue of the Fallen   Necr           0%         N/A       96%         3

Your spell library contained the following spells:

 Spells                   Type           Power      Damage    Failure   Level
 Ensorcelled Hibernation  Hex/Ice        0%         N/A       82%         2
 Lesser Beckoning         Tloc           0%         N/A       82%         2
 Gell's Gravitas          Tloc           0%         N/A       96%         3
 Teleport Other           Tloc           0%         N/A       96%         3
 Anguish                  Hex/Necr       0%         N/A       100%        4


Dungeon Overview and Level Annotations

Branches:
Dungeon (9/15)             Temple (0/1) D:5            Lair (0/5) D:9
    Orc: D:9-12

Altars:
Ashenzari
Cheibriados
Dithmenos
Elyvilon
Fedhas
Gozag
Hepliaklqana
Kikubaaqudgha
Makhleb
Nemelex Xobeh
Okawaru
Qazlal
Ru
Sif Muna
Trog
Uskayaw
Wu Jian
Xom
Zin
The Shining One

Shops:
D:4 =


Innate Abilities, Weirdness & Mutations

Your facial features look somewhat orcish.
Your spellcasting is much less encumbered by armour.
You can use scrolls of enchantment on lesser artefacts.


Message History

Erica hits you with a +3 scimitar of flaming.
Erica burns you. Erica grabs you. Erica constricts you.
You slash Erica!
Erica is heavily wounded.
Erica boasts, "If terror be the object, I am a masterpiece!"
Erica hits you with a +3 scimitar of flaming.
Erica burns you. Erica constricts you.
You slice Erica!!
Erica is severely wounded.
Erica hits you with a +3 scimitar of flaming!
Erica burns you. Erica constricts you.
You hit Erica.
Erica is severely wounded.
Erica hits you with a +3 scimitar of flaming!
Erica burns you. Erica constricts you.
You completely miss Erica.
Erica is severely wounded.
You miss Erica.
Erica is severely wounded.
Erica casts a spell at you. The bolt of poison hits you!
You are poisoned.
Erica constricts you.
You miss Erica.
Erica is severely wounded.
You feel very sick.
Erica stares at you and mumbles some strange words.
The bolt of poison hits you!!
You are lethally poisoned!
* * * LOW HITPOINT WARNING * * *
Erica constricts you.
You slash Erica!
You kill Erica!
Beogh accepts your kill.
* * * LOW HITPOINT WARNING * * *
You feel extremely sick.
Unknown command.
It was a potion of brilliance.
You feel clever all of a sudden.
You die...

....'..##........#
.>.>##..'........+
....#####....<...#
....# #........#
....# ####'#####
+#### #.## #..####
##....# ####@#
#....)...#
+........#
#..(.....#
#........+
#(.......#
#........#
#........#


There were no monsters in sight!

Vanquished Creatures
  Erica (D:9)
  Pikel (D:7)
  A troll (D:9)
  Prince Ribbit (D:9)
  A wraith (D:8)
  A steam dragon (D:7)
  Menkaure (D:5)
  Edmund (D:4)
  Duvessa (D:5)
  4 water moccasins
  A black bear (D:6)
  2 ice beasts (D:7)
  2 orc warriors
  3 centaurs
  3 lemures (D:7)
  A phantom (D:6)
  A kobold brigand (D:9)
  2 bullfrogs
  3 scorpions (D:5)
  4 wights (D:8)
  Dowan (D:5)
  6 killer bees (D:7)
  3 crimson imps (D:3)
  3 bombardier beetles
  2 hounds
  3 centaur zombies (D:7)
  3 jellies
  2 orc priests (D:7)
  A gnoll bouda (D:5)
  3 iguanas
  5 orc wizards
  A sleepcap (D:8)
  An ogre zombie (D:7)
  A mummy (D:7)
  4 gnolls (D:5)
  8 adders
  4 shadow imps
  A white imp (D:6)
  2 ufetubi (D:6)
  2 dart slugs
  7 ribbon worms
  21 orcs
  A ball python (D:1)
  5 endoplasms
  4 giant cockroaches
  8 goblins
  11 hobgoblins
  8 jackals
  10 kobolds
  4 quokkas
  16 bats
  13 frilled lizards
  A goblin zombie (D:7)
  A hobgoblin zombie (D:7)
  4 kobold skeletons (D:7)
  2 kobold zombies (D:7)
  2 rats (D:1)
209 creatures vanquished.

Vanquished Creatures (collateral kills)
  An orc warrior (D:7)
  An orc priest (D:7)
2 creatures vanquished.

Grand Total: 211 creatures vanquished

Notes
Turn   | Place    | Note
-------+----------+-------------------------------------------
     0 | D:1      | skewfiend the Mountain Dwarf Fighter began the quest for
                  | the Orb.
     0 | D:1      | Reached XP level 1. HP: 19/19 MP: 1/1
   140 | D:1      | Found a faded altar of an unknown god.
   145 | D:1      | Reached XP level 2. HP: 26/27 MP: 2/2
   148 | D:1      | Reached skill level 3 in Axes
   530 | D:1      | Reached XP level 3. HP: 29/33 MP: 3/3
   821 | D:2      | Reached skill level 4 in Axes
  1285 | D:2      | Reached XP level 4. HP: 40/40 MP: 4/4
  1553 | D:3      | Reached skill level 5 in Axes
  1718 | D:3      | Found an iron altar of Okawaru.
  1857 | D:3      | Found a shimmering altar of Xom.
  1866 | D:3      | Reached XP level 5. HP: 46/46 MP: 5/5
  1906 | D:3      | Reached skill level 6 in Axes
  2088 | D:4      | Found Diklyoxi's Jewellery Emporium.
  2138 | D:4      | Noticed Edmund
  2147 | D:4      | Killed Edmund
  2148 | D:4      | Reached skill level 7 in Axes
  2148 | D:4      | Reached XP level 6. HP: 28/53 MP: 6/6
  2298 | D:4      | Found an opulent altar of Gozag.
  2516 | D:4      | Reached skill level 8 in Axes
  2616 | D:4      | Found a sacrificial altar of Ru.
  2711 | D:4      | Learned a level 3 spell: Fugue of the Fallen
  2798 | D:4      | Reached XP level 7. HP: 28/60 MP: 7/7
  3078 | D:5      | Entered Level 5 of the Dungeon
  3078 | D:5      | Found a staircase to the Ecumenical Temple.
  3086 | D:5      | Became a worshipper of Beogh the Shepherd
  3145 | D:5      | Found a white marble altar of Elyvilon.
  3338 | D:5      | Reached skill level 9 in Axes
  3379 | D:5      | Reached skill level 5 in Fighting
  3668 | D:5      | Reached skill level 10 in Axes
  3771 | D:5      | Found a glowing silver altar of Zin.
  3958 | D:5      | Noticed Menkaure
  3963 | D:5      | Reached XP level 8. HP: 65/68 MP: 8/8
  3964 | D:5      | Noticed Duvessa
  3969 | D:5      | Noticed Dowan
  3972 | D:5      | Killed Menkaure
  3987 | D:5      | Killed Duvessa
  3988 | D:5      | Reached skill level 11 in Axes
  3989 | D:5      | Killed Dowan
  4462 | D:6      | Reached * piety under Beogh
  4694 | D:6      | Reached skill level 12 in Axes
  4746 | D:6      | Found a sparkling altar of Nemelex Xobeh.
  5198 | D:6      | Found an ornate altar of the Wu Jian Council.
  5272 | D:6      | Found a burning altar of Makhleb.
  5528 | D:7      | Reached skill level 1 in Invocations
  5664 | D:7      | Noticed Pikel
  5669 | D:7      | Reached XP level 9. HP: 52/78 MP: 9/9
  5686 | D:7      | Killed Pikel
  5687 | D:7      | Reached skill level 13 in Axes
  6221 | D:7      | Reached skill level 14 in Axes
  6490 | D:7      | Found a broken altar of Ashenzari.
  6609 | D:7      | Reached ** piety under Beogh
  6644 | D:7      | Found a snail-covered altar of Cheibriados.
  6815 | D:7      | Found a glowing golden altar of the Shining One.
  6894 | D:7      | Found a bloodstained altar of Trog.
  6894 | D:7      | Found a shadowy altar of Dithmenos.
  6901 | D:7      | Found a blossoming altar of Fedhas.
  6903 | D:7      | Found a hide-covered altar of Uskayaw.
  6904 | D:7      | Found a stormy altar of Qazlal.
  6907 | D:7      | Found a shimmering blue altar of Sif Muna.
  6911 | D:7      | Found an ancient bone altar of Kikubaaqudgha.
  7562 | D:8      | Reached XP level 10. HP: 74/88 MP: 13/13
  7635 | D:8      | Found a hazy altar of Hepliaklqana.
  8047 | D:9      | HP: 2/88 [troll (12)]
  8051 | D:9      | Reached skill level 15 in Axes
  8053 | D:9      | HP: 2/88 [kobold/+0 short sword (3)]
  8389 | D:9      | Noticed Prince Ribbit
  8400 | D:9      | Killed Prince Ribbit
  8493 | D:9      | Found a staircase to the Lair.
  8518 | D:9      | Noticed Erica
  8531 | D:9      | Killed Erica
  8531 | D:9      | HP: 4/89 [poisoned by Erica (bolt of poison)]
  8532 | D:9      | Succumbed to Erica's bolt of poison

Illustrated notes

Levels and vault maps discovered:
D:1:      lightli_arrival_statue_moat, layout_rooms,
          shapermc_ecumenical_altar_gd, serial_bayou_pond_b
D:2:      layout_basic
D:3:      layout_rooms, led_xom_imps, okawaru_metal_pillars_3
D:4:      layout_basic, grunt_gozag_statues, nicolae_ru_sacrificial_ziggurat,
          serial_bayou, serial_bayou_shore_b, serial_bayou_shore_b,
          serial_bayou_pond_c, serial_bayou_shore_a, serial_shops, shop,
          minmay_lizard_king, uniq_edmund
D:5:      layout_loops_ring, nicolae_elyvilon_temple_path,
          nicolae_overflow_crystal_walls, minmay_temple_entry_proselytizer,
          nicolae_wormholes, uniq_menkaure, uniq_duvessa
D:6:      layout_loops_corners, nemelex_diamond_rough_becter,
          mainiacjoe_overflow_alcove_4, nzn_wu_jian_contemplation,
          hangedman_decor_riveting
D:7:      minmay_general_purpose_star, layout_basic,
          mainiacjoe_overflow_catwalk, amcnicky_altar_gilded,
          nicolae_tso_besieged_by_evil, nicolae_overflow_hallway_of_the_gods,
          roderic_batcave, minmay_mini_ossuary, uniq_pikel
D:8:      layout_cave_pools, worldfamousw_hep_ancestral_shrine
D:9:      layout_roguey, lair_entry_dummy, hangedman_decor_points,
          uniq_prince_ribbit1, uniq_erica

Skill      XL: |  1  2  3  4  5  6  7  8  9 10 |
---------------+-------------------------------+-----
Axes           | 3 4 5 7 8 10 12 14 15 | 15.5
Fighting       | 4 5 6 7 8 |  8.6
Invocations    | 1 4 |  4.9
Armour         | |  3.2
Shields        | |  3.2

Action                     |  1- 3 |  4- 6 |  7- 9 | 10-12 || total
---------------------------+-------+-------+-------+-------++-------
  Melee: War axe           |   111 |    20 |       |       ||   131
         Hand axe          |       |   109 |   357 |    40 ||   506
         Battleaxe         |       |       |       |    10 ||    10
  Throw: Dart              |       |       |     1 |     6 ||     7
 Invoke: Convert to Beogh  |       |       |     1 |       ||     1
         Smiting           |       |       |       |     2 ||     2
  Evoke: Wand              |       |       |    14 |       ||    14
    Use: Potion            |       |     1 |     8 |     2 ||    11
         Scroll            |       |       |    10 |     1 ||    11
 Armour: Scale mail        |    80 |    37 |       |       ||   117
         Plate armour      |       |    61 |   366 |    68 ||   495
         Skin              |       |       |    13 |       ||    13
  Dodge: Dodged            |    52 |    41 |    91 |     8 ||   192
  Block: Buckler           |    16 |    23 |    88 |     2 ||   129

Table legend: (Time is in decaauts)
 A = Elapsed time spent in this place.
 B = Non-inter-level travel time spent in this place.
 C = Inter-level travel time spent in this place.
 D = Time resting spent in this place.
 E = Time spent auto-exploring this place.
 F = Levels seen in this place.
 G = Mean time per level.
                   A        B        C        D        E       F      G
               +--------+--------+--------+--------+--------+-----+--------+
         Total |   8679 |   8337 |    342 |    357 |   6444 |   9 |  964.3 |
       Dungeon |   8679 |   8337 |    342 |    357 |   6444 |   9 |  964.3 |
               +--------+--------+--------+--------+--------+-----+--------+

Top non-repeatable levels by time:
     D:7: 1836 daAuts
     D:5: 1394 daAuts
     D:4: 1044 daAuts
     D:6: 1020 daAuts
     D:1: 797 daAuts
     D:2: 795 daAuts
     D:8: 773 daAuts
     D:3: 569 daAuts
     D:9: 448 daAuts
